 Dungeon Crawl Stone Soup version 0.24.0-13-gcf9b3192b9 (webtiles) character file.

Game seed: 6307347541399120163, levelgen mode: deterministic

113 Kairok the Sneak (level 4, -7/23 HPs)
             Began as a Vine Stalker Assassin on Nov 10, 2019.
             Mangled by an ogre
             ... wielding a +0 giant club
              (15 damage)
             ... on level 4 of the Dungeon.
             The game lasted 00:03:08 (1770 turns).

Kairok the Sneak (Vine Stalker Assassin)            Turns: 1770, Time: 00:03:09

Health: -7/23      AC:  7    Str: 13    XL:     4   Next: 96%
Magic:  0/5        EV: 10    Int: 11    God:
Gold:   138        SH:  0    Dex: 17    Spells: 3/3 levels left

rFire    . . .     SeeInvis .   o - +0 dagger (venom)
rCold    . . .     Gourm    .   (no shield)
rNeg     . . .     Faith    .   g - +1 ring mail
rPois    .         Spirit   +   (no helmet)
rElec    .         Reflect  .   c - +0 cloak
rCorr    .         Harm     .   (no gloves)
MR       +....                  (no boots)
Stlth    +++.......             (no amulet)
HPRegen  0.47/turn              j - ring of protection from magic
MPRegen  0.09/turn              (no ring)

@: no status effects
A: fangs 2, regeneration 1, magic shield, antimagic bite, no potion heal 3, rot
immunity
a: no special abilities


You were on level 4 of the Dungeon.
You were hungry.

You visited 1 branch of the dungeon, and saw 4 of its levels.

You collected 138 gold pieces.

Inventory:

Hand Weapons
 a - a +2 dagger
 o - a +0 dagger of venom (weapon)
Missiles
 d - 20 poisoned darts (quivered)
 e - 2 curare-tipped darts
Armour
 b - a +0 robe
 c - a +0 cloak (worn)
 g - a +1 ring mail (worn)
Jewellery
 j - a ring of protection from magic (left hand)
Scrolls
 p - a scroll of teleportation {unknown}
 r - a scroll of enchant weapon {unknown}
Potions
 h - 2 potions of ambrosia {unknown}
 i - a potion of magic {unknown}
 k - a potion of resistance {unknown}
 l - a potion of might {unknown}
 m - 3 potions of curing {unknown}
 n - a potion of agility {unknown}
Comestibles
 f - 2 rations


   Skills:
 + Level 2.1 Fighting
 + Level 2.5 Short Blades
 + Level 1.8 Throwing
 + Level 1.0 Armour
 + Level 1.1 Dodging
 + Level 6.4 Stealth


You had 3 spell levels left.
You didn't know any spells.
Your spell library was empty.

Dungeon Overview and Level Annotations

Branches:
Dungeon (4/15)
 Temple: D:4-7

Altars:


Innate Abilities, Weirdness & Mutations

You have extremely sharp teeth.
Your natural rate of healing is unusually fast.
When hurt, damage is shared between your health and your magic reserves.
Your bite disrupts and absorbs the magic of your enemies.
Potions cannot restore your health.
You are immune to rotting.


Message History

The ogre is lightly wounded.
There is a stone staircase leading up here.
The ogre looks more healthy.
You hit the ogre but do no damage.
The ogre is heavily wounded.
The ogre hits you with a +0 giant club!!
Ouch! That really hurt!
* * * LOW HITPOINT WARNING * * *
You are too injured to fight recklessly!
Found 12 gold pieces.
Found a stone staircase leading up.
You barely miss the ogre.
The ogre is heavily wounded.
The ogre barely misses you.
You hit the ogre. You bite the ogre. You drain its power.
You feel invigorated.
The ogre is severely wounded.
You hit the ogre but do no damage.
The ogre is poisoned.
The ogre is severely wounded.
The ogre hits you with a +0 giant club!!
Ouch! That really hurt!
You die...

#< #.# #. #.#
#. #.## #.
#..# #. #..#
#$ #..#
#.#####..#
#.@O...<.#
########.#
###.######
##..........
##....#######
#.....#
..........#
##.##.....#
.. ......##


You could see an ogre.

Vanquished Creatures
  4 adders
  2 worms (D:3)
  A dart slug (D:1)
  An orc (D:3)
  7 goblins
  14 hobgoblins
  8 jackals
  2 ball pythons
  6 bats
  A frilled lizard (D:3)
  8 kobolds
  13 rats
67 creatures vanquished.

Notes
Turn   | Place    | Note
-------+----------+-------------------------------------------
     0 | D:1      | Kairok the Vine Stalker Assassin began the quest for the
                  | Orb.
     0 | D:1      | Reached XP level 1. HP: 11/11 MP: 2/2
    20 | D:1      | Reached skill level 5 in Stealth
   119 | D:1      | Reached XP level 2. HP: 13/15 MP: 3/3
   302 | D:1      | Reached XP level 3. HP: 12/18 MP: 2/4
   533 | D:2      | Reached skill level 6 in Stealth
   784 | D:2      | Gained mutation: Your natural rate of healing is unusually
                  | fast. [Vine Stalker growth]
   784 | D:2      | Reached XP level 4. HP: 17/23 MP: 3/5
  1435 | D:3      | Reached skill level 1 in Dodging
  1624 | D:3      | Reached skill level 1 in Armour
  1751 | D:4      | Noticed an ogre
  1770 | D:4      | Mangled by an ogre

Levels and vault maps discovered:
D:1:      dpeg_arrival_long_road, layout_basic, hex_large
D:2:      layout_loops_ring
D:3:      layout_rooms, minmay_stone_trees_small
D:4:      layout_loops_ring, lemuel_doored_altar, first_ration

Skill      XL: |  1  2  3  4 |
---------------+-------------+-----
Stealth        | 5 6 |  6.4
Short Blades   | 2 |  2.5
Fighting       | 2 |  2.1
Dodging        | 1 |  1.1
Armour         | 1 |  1.0
Throwing       | |  1.8

Action                   |  1- 3 |  4- 6 || total
-------------------------+-------+-------++-------
Melee: Dagger            |    98 |   106 ||   204
       Bite              |    23 |    30 ||    53
  Use: Scroll            |     2 |     3 ||     5
 Stab: Sleeping          |     4 |     3 ||     7
       Distracted        |       |     1 ||     1
  Eat: Chunk             |       |     2 ||     2
Armor: Ring mail         |    35 |    35 ||    70
Dodge: Dodged            |    54 |    40 ||    94
